IL
ROUND ROCK EXPRESS @ FRESNO GRIZZLIES
09/07/2049
 
TOP OF THE 1ST
Round Rock Express batting - Pitching for Fresno Grizzlies : RHP Andy Harrigan
Pitching: RHP Andy Harrigan
Batting: RHB Doug Hammertime 0-0: Ball
1-0: Called Strike
1-1: Ball
2-1: Ground out U3 (Groundball, 3S, EV 63.1 MPH)
Batting: RHB Luis Romero 0-0: Ball
1-0: Ball
2-0: Ball
3-0: Base on Balls
Batting: RHB Noah Stanley 0-0: Called Strike
0-1: Called Strike
0-2: Fielders Choice at 2nd, 2-4 (Groundball, 2L, EV 74.4 MPH)
Batting: RHB Ryan Kinkead 0-0: Called Strike
0-1: Ball
1-1: Ball
2-1: Foul Ball, location: 2F
2-2: SINGLE (Groundball, 4MD, EV 98.8 MPH)
Noah Stanley to second
Runner from 2nd tries for 3rd, SAFE, throw by CF made to third
Batting: LHB Barend van der Kamp 0-0: Ball
1-0: Ball
2-0: Ball
3-0: Called Strike
3-1: Swinging Strike
3-2: Strikes out looking
Top of the 1st over - 0 runs, 1 hit, 0 errors, 2 left on base; Round Rock 0 - Fresno 0
BOTTOM OF THE 1ST
Fresno Grizzlies batting - Pitching for Round Rock Express : LHP John McRight
Pitching: LHP John McRight
Batting: RHB Jesse Scott 0-0: Ball
1-0: Ball
2-0: Foul Ball, location: 2F
2-1: Foul Ball, location: 2F
2-2: Foul Ball, location: 2F
2-2: Fly out, F7 (Flyball, 78D, EV 101.9 MPH)
Batting: RHB Chris Trites 0-0: Ball
1-0: Called Strike
1-1: Called Strike
1-2: Ball
2-2: Strikes out swinging
Batting: RHB Ramon Castellon 0-0: Ball
1-0: Ball
2-0: Ball
3-0: Swinging Strike
3-1: Foul Ball, location: 2F
3-2: Foul Ball, location: 2F
3-2: Strikes out swinging
Bottom of the 1st over - 0 runs, 0 hits, 0 errors, 0 left on base; Round Rock 0 - Fresno 0
TOP OF THE 2ND
Round Rock Express batting - Pitching for Fresno Grizzlies : RHP Andy Harrigan
Batting: RHB Ernie Weathersbee 0-0: Ground out 5-3 (Groundball, 5S, EV 67.5 MPH)
Batting: RHB Jarrod Joyce 0-0: Ball
1-0: Called Strike
1-1: Foul Ball, location: 2F
1-2: Strikes out swinging
Batting: RHB Jonathan Rangel 0-0: Fly out, F8 (Flyball, 8RS, EV 75.0 MPH)
Top of the 2nd over - 0 runs, 0 hits, 0 errors, 0 left on base; Round Rock 0 - Fresno 0
BOTTOM OF THE 2ND
Fresno Grizzlies batting - Pitching for Round Rock Express : LHP John McRight
Batting: RHB Bruce Bermudez 0-0: Ball
1-0: Called Strike
1-1: SINGLE (Groundball, 56D, EV 98.8 MPH)
Batting: RHB Etsuro Hosokawa 0-0: Ball
1-0: Ball
2-0: Swinging Strike
2-1: Fielders Choice at 2nd, 3-6 (Groundball, 3S, EV 87.5 MPH)
Batting: LHB Chris Cabrera 0-0: Ball
1-0: Ball
2-0: Foul Ball, location: 2F
2-1: Foul Ball, location: 2F
2-2: Foul Ball, location: 2F
2-2: Strikes out looking
Batting: RHB Sam Spohn Balk!
Etsuro Hosokawa to second
0-0: Called Strike
0-1: Ball
1-1: Swinging Strike
1-2: Ball
2-2: Foul Ball, location: 2F
2-2: Foul Ball, location: 2F
2-2: Strikes out swinging
Bottom of the 2nd over - 0 runs, 1 hit, 0 errors, 1 left on base; Round Rock 0 - Fresno 0
TOP OF THE 3RD
Round Rock Express batting - Pitching for Fresno Grizzlies : RHP Andy Harrigan
Batting: RHB Jeremy Boerman 0-0: Called Strike
0-1: Foul Ball, location: 2F
0-2: Ball
1-2: Strikes out swinging
Batting: RHB Doug Hammertime 0-0: Foul Ball, location: 2F
0-1: Ball
1-1: Ball
2-1: Foul Ball, location: 2F
2-2: Foul Ball, location: 2F
2-2: Foul Ball, location: 2F
2-2: Ball
3-2: Base on Balls
Batting: RHB Luis Romero 0-0: Ball
1-0: Called Strike
1-1: Swinging Strike
1-2: Strikes out looking
Batting: RHB Noah Stanley 0-0: Called Strike
0-1: Ball
1-1: Ball
2-1: Ball
3-1: Base on Balls
Doug Hammertime to second
Batting: RHB Ryan Kinkead 0-0: Called Strike
0-1: Called Strike
0-2: Fly out, F9 (Flyball, 9, EV 86.9 MPH)
Top of the 3rd over - 0 runs, 0 hits, 0 errors, 2 left on base; Round Rock 0 - Fresno 0
BOTTOM OF THE 3RD
Fresno Grizzlies batting - Pitching for Round Rock Express : LHP John McRight
Batting: RHB Nick Deegan 0-0: Ball
1-0: Called Strike
1-1: Swinging Strike
1-2: Ball
2-2: Ball
3-2: Strikes out swinging
Batting: RHB Bryan Peterson 0-0: Called Strike
0-1: Foul Ball, location: 2F
0-2: Fly out, F8 (Flyball, 8LD, EV 107.5 MPH)
Batting: RHB Jesse Scott 0-0: Fly out, F9 (Flyball, 9D, EV 101.9 MPH)
Bottom of the 3rd over - 0 runs, 0 hits, 0 errors, 0 left on base; Round Rock 0 - Fresno 0
TOP OF THE 4TH
Round Rock Express batting - Pitching for Fresno Grizzlies : RHP Andy Harrigan
Batting: LHB Barend van der Kamp 0-0: Ball
1-0: Called Strike
1-1: Foul Ball, location: 2F
1-2: Ball
2-2: Strikes out swinging
Batting: RHB Ernie Weathersbee 0-0: Ground out 5-3 (Groundball, 56, EV 84.4 MPH)
Batting: RHB Jarrod Joyce 0-0: Ball
1-0: Swinging Strike
1-1: SINGLE (Groundball, 6S, EV 97.5 MPH)
Batting: RHB Jonathan Rangel 0-0: Called Strike
Jarrod Joyce steals 2nd base
0-1: Called Strike
0-2: Foul Ball, location: 2F
0-2: Ball
1-2: Fly out, F8 (Flyball, 8LM, EV 91.2 MPH)
Top of the 4th over - 0 runs, 1 hit, 0 errors, 1 left on base; Round Rock 0 - Fresno 0
BOTTOM OF THE 4TH
Fresno Grizzlies batting - Pitching for Round Rock Express : LHP John McRight
Batting: RHB Chris Trites 0-0: Ball
1-0: Ball
2-0: Ball
3-0: Base on Balls
Batting: RHB Ramon Castellon 0-0: Called Strike
0-1: Ball
Chris Trites is caught stealing 2nd base 2-4
1-1: Ball
2-1: Fly out, F3 (Line Drive, 3L, EV 77.5 MPH)
Batting: RHB Bruce Bermudez 0-0: Ball
1-0: Called Strike
1-1: Ball
2-1: DOUBLE (Flyball, 8LXD, EV 100.6 MPH)
Batting: RHB Etsuro Hosokawa 0-0: Ball
1-0: Swinging Strike
1-1: Ground out 6-3 (Groundball, 6, EV 78.1 MPH)
Bottom of the 4th over - 0 runs, 1 hit, 0 errors, 1 left on base; Round Rock 0 - Fresno 0
TOP OF THE 5TH
Round Rock Express batting - Pitching for Fresno Grizzlies : RHP Andy Harrigan
Batting: RHB Jeremy Boerman 0-0: Foul Ball, location: 2F
0-1: Swinging Strike
0-2: Ball
1-2: Fly out, F9 (Flyball, 9LS, EV 83.1 MPH)
Batting: RHB Doug Hammertime 0-0: Ball
1-0: SINGLE (Flyball, 9S, EV 85.0 MPH)
Batting: RHB Luis Romero 0-0: Called Strike
Doug Hammertime steals 2nd base (no throw)
0-1: Ball
1-1: Called Strike
1-2: Strikes out swinging
Batting: RHB Noah Stanley 0-0: Ball
1-0: Called Strike
1-1: Foul Ball, location: 2F
1-2: Ball
2-2: Ball
3-2: Base on Balls
Batting: RHB Ryan Kinkead 0-0: Ball
1-0: Foul Ball, location: 2F
1-1: SINGLE (Groundball, 56D, EV 95.6 MPH)
Doug Hammertime to third
Noah Stanley to second
Runner from 3rd tries for Home, SAFE, throw by LF to home
Batting: LHB Barend van der Kamp 0-0: Ball
1-0: Ball
2-0: Called Strike
2-1: Foul Ball, location: 2F
2-2: Ball
3-2: Foul Ball, location: 2F
3-2: DOUBLE (Line Drive, 5D, EV 96.2 MPH)
Noah Stanley scores
Ryan Kinkead to third
Ryan Kinkead scores
Batting: RHB Ernie Weathersbee 0-0: Ball
1-0: Called Strike
1-1: Ball
2-1: Ball
3-1: Base on Balls
Batting: RHB Jarrod Joyce 0-0: Ball
1-0: Ball
2-0: Ball
3-0: Base on Balls
Barend van der Kamp to third
Ernie Weathersbee to second
Pitching: RHP Zack Evans
Batting: RHB Jonathan Rangel 0-0: Foul Ball, location: 2F
0-1: Foul Ball, location: 2F
0-2: SINGLE (Groundball, 56D, EV 99.4 MPH)
Barend van der Kamp scores
Ernie Weathersbee to third
Jarrod Joyce to second
Runner from 3rd tries for Home, SAFE, throw by LF to home
Batting: RHB Jeremy Boerman 0-0: Ball
1-0: Ball
2-0: Foul Ball, location: 2F
2-1: Ball
3-1: Base on Balls
Jarrod Joyce to third
Jonathan Rangel to second
Batting: RHB Doug Hammertime 0-0: Called Strike
0-1: Called Strike
0-2: Ball
1-2: Ball
2-2: Foul Ball, location: 2F
2-2: Ground out 3-1 (Groundball, 34S, EV 84.4 MPH)
Top of the 5th over - 5 runs, 4 hits, 0 errors, 3 left on base; Round Rock 5 - Fresno 0
BOTTOM OF THE 5TH
Fresno Grizzlies batting - Pitching for Round Rock Express : LHP John McRight
Batting: LHB Chris Cabrera 0-0: Called Strike
0-1: Ball
1-1: Foul Ball, location: 2F
1-2: Foul Ball, location: 2F
1-2: Ball
2-2: Fly out, F8 (Flyball, 8RD, EV 83.1 MPH)
Batting: RHB Sam Spohn 0-0: Called Strike
0-1: SINGLE (Popup, 56D, EV 66.2 MPH)
Batting: RHB Nick Deegan 0-0: Called Strike
0-1: Called Strike
0-2: Ball
1-2: Foul Ball, location: 2F
1-2: Strikes out swinging
Batting: RHB Bryan Peterson 0-0: Ball
1-0: Called Strike
1-1: Ball
2-1: Ball
3-1: SINGLE (Groundball, 6M, EV 108.1 MPH) (infield hit)
Sam Spohn to second
Batting: RHB Jesse Scott 0-0: Ground out 6-3 (Groundball, P, EV 80.0 MPH)
Bottom of the 5th over - 0 runs, 2 hits, 0 errors, 2 left on base; Round Rock 5 - Fresno 0
TOP OF THE 6TH
Round Rock Express batting - Pitching for Fresno Grizzlies : RHP Zack Evans
Batting: RHB Luis Romero 0-0: Called Strike
0-1: Ball
1-1: Called Strike
1-2: Ball
2-2: Strikes out looking
Batting: RHB Noah Stanley 0-0: Called Strike
0-1: Called Strike
0-2: Ball
1-2: Ball
2-2: Foul Ball, location: 2F
2-2: Ground out 6-3 (Groundball, 6S, EV 75.0 MPH)
Batting: RHB Ryan Kinkead 0-0: Ball
1-0: Ball
2-0: Called Strike
2-1: Called Strike
2-2: Foul Ball, location: 2F
2-2: Foul Ball, location: 2F
2-2: Foul Ball, location: 2F
2-2: Foul Ball, location: 2F
2-2: Foul Ball, location: 2F
2-2: Foul Ball, location: 2F
2-2: Ground out 4-3 (Groundball, 4D, EV 97.5 MPH)
Top of the 6th over - 0 runs, 0 hits, 0 errors, 0 left on base; Round Rock 5 - Fresno 0
BOTTOM OF THE 6TH
Fresno Grizzlies batting - Pitching for Round Rock Express : LHP John McRight
Batting: RHB Chris Trites 0-0: SINGLE (Line Drive, 56D, EV 100.0 MPH)
Batting: RHB Ramon Castellon 0-0: Called Strike
0-1: Ball
Chris Trites is caught stealing 2nd base 2-4
1-1: Foul Ball, location: 2F
1-2: Foul Ball, location: 2F
1-2: SINGLE (Groundball, 6MD, EV 108.8 MPH)
Batting: RHB Bruce Bermudez 0-0: Called Strike
0-1: Ball
1-1: Foul Ball, location: 2F
1-2: Ball
2-2: Ball
3-2: Base on Balls
Ramon Castellon to second
Batting: RHB Etsuro Hosokawa 0-0: Ball
1-0: Foul Ball, location: 2F
1-1: Ball
2-1: SINGLE (Flyball, 8RS, EV 95.0 MPH)
Ramon Castellon to third
Bruce Bermudez to second
Batting: LHB Chris Cabrera 0-0: Ball
1-0: Called Strike
1-1: Ball
2-1: Swinging Strike
2-2: Foul Ball, location: 2F
2-2: Ball
3-2: Strikes out looking
Pitching: RHP Jeff Kidd
Batting: RHB Sam Spohn 0-0: Ball
1-0: Ball
2-0: Foul Ball, location: 2F
2-1: Swinging Strike
2-2: Foul Ball, location: 2F
2-2: Strikes out swinging
Bottom of the 6th over - 0 runs, 3 hits, 0 errors, 3 left on base; Round Rock 5 - Fresno 0
TOP OF THE 7TH
Round Rock Express batting - Pitching for Fresno Grizzlies : RHP Zack Evans
Batting: LHB Barend van der Kamp 0-0: Ball
1-0: Ground out 1-3 (Groundball, 13S, EV 64.4 MPH)
Batting: RHB Ernie Weathersbee 0-0: Ball
1-0: Ground out U3 (Groundball, 3L, EV 87.5 MPH)
Batting: RHB Jarrod Joyce 0-0: Called Strike
0-1: Foul Ball, location: 2F
0-2: Strikes out swinging
Top of the 7th over - 0 runs, 0 hits, 0 errors, 0 left on base; Round Rock 5 - Fresno 0
BOTTOM OF THE 7TH
Fresno Grizzlies batting - Pitching for Round Rock Express : RHP Jeff Kidd
Now in CF: Adryão Anto
Now in RF: Jonathan Rangel
Batting: RHB Nick Deegan 0-0: Ball
1-0: Called Strike
1-1: Ball
2-1: Foul Ball, location: 2F
2-2: Foul Ball, location: 2F
2-2: Ball
3-2: Foul Ball, location: 2F
3-2: Foul Ball, location: 2F
3-2: SINGLE (Groundball, 5D, EV 96.2 MPH)
Batting: RHB Bryan Peterson 0-0: Ball
1-0: Ball
2-0: Fielders Choice at 2nd, 4-6 (Groundball, 4, EV 93.8 MPH)
Batting: RHB Jesse Scott 0-0: Called Strike
Bryan Peterson is caught stealing 2nd base 2-4
0-1: Ball
1-1: Ground out 6-3 (Groundball, 6, EV 86.9 MPH)
Bottom of the 7th over - 0 runs, 1 hit, 0 errors, 0 left on base; Round Rock 5 - Fresno 0
TOP OF THE 8TH
Round Rock Express batting - Pitching for Fresno Grizzlies : RHP Zack Evans
Batting: RHB Jonathan Rangel 0-0: Ball
1-0: Called Strike
1-1: Called Strike
1-2: Strikes out looking
Batting: RHB Jeremy Boerman 0-0: Called Strike
0-1: Foul Ball, location: 2F
0-2: Strikes out looking
Batting: RHB Doug Hammertime 0-0: Ball
1-0: Ground out U3 (Groundball, 13, EV 80.0 MPH)
Top of the 8th over - 0 runs, 0 hits, 0 errors, 0 left on base; Round Rock 5 - Fresno 0
BOTTOM OF THE 8TH
Fresno Grizzlies batting - Pitching for Round Rock Express : RHP Jeff Kidd
Batting: RHB Chris Trites 0-0: Ball
1-0: Ball
2-0: Swinging Strike
2-1: Called Strike
2-2: Strikes out swinging
Batting: RHB Ramon Castellon 0-0: SINGLE (Flyball, 5D, EV 88.8 MPH)
Batting: RHB Bruce Bermudez 0-0: Called Strike
0-1: Ball
1-1: Swinging Strike
1-2: Foul Ball, location: 2F
1-2: TRIPLE (Flyball, 9LD, EV 96.9 MPH)
Ramon Castellon scores
Batting: RHB Etsuro Hosokawa 0-0: Ball
1-0: Swinging Strike
1-1: Ground out 1-3 (Groundball, 15S, EV 70.6 MPH)
Batting: LHB Chris Cabrera 0-0: Called Strike
0-1: Ball
1-1: Called Strike
1-2: Strikes out swinging
Bottom of the 8th over - 1 run, 2 hits, 0 errors, 1 left on base; Round Rock 5 - Fresno 1
TOP OF THE 9TH
Round Rock Express batting - Pitching for Fresno Grizzlies : RHP Zack Evans
Pitching: RHP Jorge Aguilar
Batting: RHB Luis Romero 0-0: Foul Ball, location: 2F
0-1: Fly out, F7 (Flyball, 78D, EV 101.2 MPH)
Batting: RHB Noah Stanley 0-0: Foul Ball, location: 2F
0-1: Called Strike
0-2: Hit by Pitch
Batting: RHB Ryan Kinkead 0-0: Foul Ball, location: 2F
0-1: Ball
1-1: Foul Ball, location: 2F
1-2: Strikes out swinging
Batting: RHB Adryão Anto 0-0: Ball
1-0: Fielders Choice at 2nd, 5-4 (Groundball, 5, EV 84.4 MPH)
Top of the 9th over - 0 runs, 0 hits, 0 errors, 1 left on base; Round Rock 5 - Fresno 1
BOTTOM OF THE 9TH
Fresno Grizzlies batting - Pitching for Round Rock Express : RHP Jeff Kidd
Pitching: RHP Jean-Michel Hamon
Batting: RHB Sam Spohn 0-0: Called Strike
0-1: Ball
1-1: Called Strike
1-2: Foul Ball, location: 2F
1-2: Ball
2-2: DOUBLE (Line Drive, 9LM, EV 94.4 MPH)
Batting: RHB Nick Deegan 0-0: Ball
1-0: SINGLE (Groundball, 6MD, EV 105.0 MPH)
Sam Spohn to third
Pitching: RHP Danny Romero
Batting: RHB Bryan Peterson 0-0: Swinging Strike
0-1: Fly out, F9 (Flyball, 9, EV 93.8 MPH)
Batting: RHB Jesse Scott 0-0: Called Strike
0-1: Ball
1-1: Ball
2-1: Called Strike
2-2: Ball
3-2: Base on Balls
Nick Deegan to second
Batting: RHB Chris Trites 0-0: Ball
1-0: Fielders Choice at 2nd, 4-6 (Groundball, 4, EV 84.4 MPH)
Sam Spohn scores
Nick Deegan to third
Batting: RHB Ramon Castellon 0-0: SINGLE (Groundball, 4D, EV 108.8 MPH)
Nick Deegan scores
Chris Trites to second
Batting: RHB Bruce Bermudez 0-0: Called Strike
0-1: Foul Ball, location: 2F
0-2: Foul Ball, location: 2F
0-2: Fielders Choice at 2nd, 6-4 (Groundball, 6, EV 80.0 MPH)
Bottom of the 9th over - 2 runs, 3 hits, 0 errors, 2 left on base; Round Rock 5 - Fresno 3
Sunday, July 16th , 2023 - OOTP Baseball 24.6 Build 69